 Dungeon Crawl Stone Soup version 0.31.0-32-g396128a36d (webtiles) character file.

Game seed: 7915516562093804799

224 RatsInWalls the Trooper (level 5, 0/41 HPs)
             Began as a Demonspawn Shapeshifter on Mar 10, 2024.
             Slain by a scorpion (6 damage)
             ... on level 4 of the Dungeon.
             The game lasted 00:08:09 (2786 turns).

RatsInWalls the Trooper (Demonspawn Shapeshifter)   Turns: 2786, Time: 00:08:10

Health: 0/41       AC:  2    Str: 15    XL:     5   Next: 67%
Magic:  5/5        EV: 12    Int: 10    God:
Gold:   102        SH:  0    Dex: 14    Spells: 4/4 levels left

rFire   . .          .
                       - Unarmed
rCold   . . .        (no shield)
rNeg    . . .        a - +0 animal skin
rPois   .            (helmet currently unavailable)
rElec   .            (cloak currently unavailable)
rCorr   .            (gloves currently unavailable)
SInv    .            (boots currently unavailable)
Will    .....        (no amulet)
Stlth   ++           (no ring)
HPRegen 0.26/turn    (no ring)
MPRegen 0.18/turn

%: no passive effects
@: lethally poisoned (0 -> -6), beast-form
A: beast (slay +1), horns 2, magic regeneration
a: Begin Untransformation


You were on level 4 of the Dungeon.
You were a hulking beast.
You visited 1 branch of the dungeon, and saw 4 of its levels.

You collected 102 gold pieces.

Inventory:

Armour
 a - a +0 animal skin (worn)
Jewellery
 o - an amulet of the acrobat
Talismans
 c - a beast talisman
 d - a flux talisman
Scrolls
 b - 2 scrolls of vulnerability {unknown}
 e - a scroll of enchant armour {unknown}
 i - a scroll of fear {unknown}
 j - a scroll of blinking {unknown}
 k - 4 scrolls of poison {unknown}
 l - 2 scrolls of identify {unknown}
 n - a scroll of fog {unknown}
Potions
 f - a potion of degeneration {unknown}
 h - a potion of resistance {unknown}
 m - a potion of haste {unknown}


   Skills:
 * Level 3.6 Fighting
 + Level 2.8 Dodging
 + Level 1.0 Stealth
 + Level 3.5 Unarmed Combat
 - Level 3.1 Shapeshifting


You had 4 spell levels left.
You didn't know any spells.
Your spell library contained the following spells:

 Spells                   Type           Power      Damage    Failure   Level
 Slow                     Hex            0%         N/A       36%         1
 Confusing Touch          Hex            0%         N/A       75%         3
 Sigil of Binding         Hex            0%         N/A       75%         3
 Tukima's Dance           Hex            0%         N/A       75%         3
 Vampiric Draining        Necr           0%         2d6       75%         3
 Dimensional Bullseye     Hex/Tloc       0%         N/A       98%         4
 Iskenderun's Mystic Bla  Conj/Tloc      0%         2d3       98%         4


Dungeon Overview and Level Annotations

Branches:
Dungeon (4/15)
 Temple: D:4-7

Altars:
Trog
Vehumet

Annotations:
D:3 3 runed translucent doors, SuccubiThighs's ghost, amateur OnGl


Innate Abilities, Weirdness & Mutations

You are a hulking beast.
Your limbs bulge with bestial killing power. (Slay +1)
You have a pair of horns on your head.
You regenerate magic rapidly.


Message History

You barely miss the scorpion.
The scorpion is severely wounded.
You feel sick. The scorpion barely misses you.
Unknown command.
You completely miss the scorpion.
The scorpion is severely wounded.
You feel sick.
The scorpion stings you but does no damage.
You hit the scorpion but do no damage. Your headbutt misses the scorpion.
The scorpion is severely wounded.
You feel sick. The scorpion closely misses you.
You closely miss the scorpion.
You headbutt the scorpion, but do no damage.
The scorpion is severely wounded.
You feel sick. The scorpion stings you.
* * * LOW HITPOINT WARNING * * *
You are lethally poisoned!
The scorpion poisons you!
You feel better. The scorpion stings you.
* * * LOW HITPOINT WARNING * * *
The scorpion misses you.
You barely miss the scorpion. Your headbutt misses the scorpion.
The scorpion is severely wounded.
The scorpion barely misses you.
You hit the scorpion but do no damage.
The scorpion is severely wounded.
The scorpion stings you.
* * * LOW HITPOINT WARNING * * *
You are lethally poisoned!
The scorpion poisons you!
You hit the scorpion.
The scorpion is almost dead.
* * * LOW HITPOINT WARNING * * *
You feel very sick.
The scorpion stings you but does no damage.
You hit the scorpion.
The scorpion is almost dead.
* * * LOW HITPOINT WARNING * * *
You feel sick. The scorpion stings you.
You die...

#.. #.. ... ##..
. ..># .. #..
... #s### ...
#.h.# ..
#####.#.# .
##...#...#..#
....#..........#
.......<.......#
...............#
...............#
..............##
..............#


You could see a scorpion.

Vanquished Creatures
  2 bombardier beetles (D:3)
  Terence (D:3)
  Robin (D:2)
  4 adders
  2 ribbon worms (D:2)
  2 orcs (D:3)
  4 bats
  5 endoplasms
  3 giant cockroaches
  20 goblins
  6 hobgoblins
  2 jackals (D:3)
  5 kobolds
  4 quokkas
  6 ball pythons
  3 frilled lizards
  4 rats
74 creatures vanquished.

Notes
Turn   | Place    | Note
-------+----------+-------------------------------------------
     0 | D:1      | RatsInWalls the Demonspawn Shapeshifter began the quest for
                  | the Orb.
     0 | D:1      | Reached XP level 1. HP: 15/15 MP: 1/1
   117 | D:1      | Gained mutation: You regenerate magic rapidly. [demonic
                  | ancestry]
   117 | D:1      | Reached XP level 2. HP: 17/21 MP: 2/2
   500 | D:2      | Gained mutation: You have a pair of small horns on your
                  | head. [demonic ancestry]
   500 | D:2      | Reached XP level 3. HP: 23/27 MP: 3/3
   929 | D:2      | Noticed Robin
   949 | D:2      | Reached XP level 4. HP: 34/34 MP: 4/4
   957 | D:2      | Killed Robin
  1210 | D:3      | Noticed Terence
  1292 | D:3      | Killed Terence
  1293 | D:3      | Gained mutation: You have a pair of horns on your head.
                  | [demonic ancestry]
  1293 | D:3      | Reached XP level 5. HP: 41/41 MP: 5/5
  1617 | D:3      | Found a runed translucent gate.
  1617 | D:3      | Found a runed translucent gate.
  1617 | D:3      | Found a runed translucent gate.
  1618 | D:3      | Noticed SuccubiThighs's ghost (amateur OnGl)
  2057 | D:3      | Reached skill level 1 in Stealth
  2340 | D:3      | Found a faded altar of an unknown god.
  2574 | D:3      | Found a radiant altar of Vehumet.
  2577 | D:3      | Found a bloodstained altar of Trog.
  2786 | D:4      | Slain by a scorpion

Illustrated notes

Levels and vault maps discovered:
D:1:      pf_arrival_petrified_forest, layout_basic
D:2:      layout_loops_ring, uniq_robin
D:3:      minmay_razor_zed, layout_basic, minitemple,
          dilly_ecumenical_altar_fadedgnrine, ebering_ghost_rock_garden,
          uniq_terence
D:4:      layout_rooms, tso_metal_star

Skill      XL: |  1  2  3  4  5 |
---------------+----------------+-----
Dodging        | 2 |  2.8
Fighting       | 2 3 |  3.6
Unarmed Combat | 3 |  3.5
Shapeshifting  | 3 |  3.1
Stealth        | 1 |  1.0

Action                     |  1- 3 |  4- 6 || total
---------------------------+-------+-------++-------
  Melee: Unarmed           |    94 |   106 ||   200
         Headbutt          |     7 |    24 ||    31
         Punch             |     2 |     2 ||     4
    Use: Potion            |       |     3 ||     3
   Stab: Sleeping          |       |     4 ||     4
 Armour: Animal skin       |    26 |    56 ||    82
         Skin              |       |     4 ||     4
  Dodge: Dodged            |    50 |    33 ||    83
